 Dungeon Crawl Stone Soup version 0.17-a0-1767-gccbed74 (webtiles) character file.

30 luca467 the Insei (level 3, -2/29 HPs)
             Began as a Demonspawn Monk on Sept 6, 2015.
             Killed from afar by Sigmund (3 damage)
             ... with a wand of frost
             ... on level 2 of the Dungeon.
             The game lasted 00:09:07 (1525 turns).

luca467 the Insei (Demonspawn Monk)                 Turns: 1525, Time: 00:09:07

Health: -2/29      AC:  6    Str: 11    XL:     3   Next: 5%
Magic:  3/3        EV: 13    Int: 11    God:
Gold:   112        SH:  0    Dex: 15    Spells: 0 memorised, 2 levels left

rFire  . . .     SeeInvis .       - Unarmed
rCold  + . .     Clarity  .     d - +0 robe
rNeg   + . .     SustAt   .     (no shield)
rPois  .         Gourm    .     (no helmet)
rElec  .         Spirit   .     (no cloak)
rCorr  .         Warding  +     (no gloves)
rMut   .         Stasis   .     (no boots)
MR     .....                    f - amulet of warding
Stlth  ++........               (no ring)
                                e - +5 ring of slaying

@: not resistant to hostile enchantments, unstealthy
A: rough black scales 1, cold resistance 1
a: no special abilities


You were on level 2 of the Dungeon.
You were hungry.

You visited 1 branch of the dungeon, and saw 2 of its levels.

You collected 112 gold pieces.

Inventory:

Armour
 d - a +0 robe (worn)
Jewellery
 e - a +5 ring of slaying (left hand)
 f - an amulet of warding (around neck)
Scrolls
 a - a scroll of random uselessness {unknown}
 c - a scroll of teleportation {unknown}
 g - a scroll of identify {unknown}
 h - a scroll of remove curse {unknown}
 i - a scroll of immolation {unknown}
 l - a scroll of noise {unknown}
Potions
 j - 2 potions of cancellation {unknown}
 k - a potion of curing {unknown}
 m - a potion of heal wounds {unknown}
Comestibles
 b - a bread ration


   Skills:
 - Level 3.0 Fighting
 - Level 2.6 Dodging
 - Level 1.7 Stealth
 + Level 4.5 Unarmed Combat


You had 2 spell levels left.
You didn't know any spells.

Dungeon Overview and Level Annotations

Branches:
Dungeon (2/15)

Altars:

Annotations:
D:2 Sigmund


Innate Abilities, Weirdness & Mutations

You are partially covered in rough black scales (AC +4, Dex -1).
Your flesh is cold resistant.


Message History

You resist. The bat barely misses you. Sigmund hits you with a scythe.
* * * LOW HITPOINT WARNING * * *
The bat hits you but does no damage. The bat hits you but does no damage.
Sigmund zaps a wand.
The puff of frost hits you! You resist.
* * * LOW HITPOINT WARNING * * *
Things that are here:
an uncursed hunting sling; 13 stones You bump into the rock wall.
You feel less confused. The bat barely misses you.
Sigmund points at you and mumbles some strange words.
You resist with significant effort.
Unknown command.
You hit Sigmund.
Sigmund is lightly wounded.
The bat completely misses you.
Sigmund zaps a wand.
The puff of frost hits you! You resist.
You die...

#........# #......
#........# #......
#........# #......
+........# #......
#........# #......
#......(.########......
##......................
#..............#########
##......@b.######
#.......@##.(.(.#
#.######(.##.#####
#.......##.#
#.#####..#(#+###
#...........#
#...........#
#...........#
+...........#


You could see Sigmund and a bat.

Vanquished Creatures
  A worm (D:2)
  A giant gecko (D:1)
  3 bats
  2 giant cockroaches
  3 goblins
  2 hobgoblins
  3 jackals (D:2)
  A quokka (D:2)
  3 giant newts
  2 kobolds (D:1)
  6 rats
27 creatures vanquished.

Notes
Turn   | Place    | Note
--------------------------------------------------------------
     0 | D:1      | luca467 the Demonspawn Monk began the quest for the Orb.
     0 | D:1      | Reached XP level 1. HP: 18/18 MP: 1/1
   257 | D:1      | Reached skill level 4 in Unarmed Combat
   413 | D:1      | Gained mutation: Your flesh is cold resistant. [demonic ancestry]
   413 | D:1      | Reached XP level 2. HP: 24/24 MP: 2/2
  1263 | D:2      | Noticed Sigmund
  1268 | D:2      | Gained mutation: You are partially covered in rough black scales (AC +4, Dex -1). [demonic ancestry]
  1268 | D:2      | Reached XP level 3. HP: 13/29 MP: 3/3
  1523 | D:2      | HP: 1/29 [Sigmund/wand of frost (3)]
  1525 | D:2      | Killed from afar by Sigmund

Vault maps used:
D:1:      dpeg_arrival_lava_altar
D:2:      grunt_qazlal_clouds, gammafunk_temple_overflow_pools, first_bread,
          ecumenical_altar_1, uniq_sigmund, uniq_crazy_yiuf_cottage

Action                   || total
-------------------------++-------
Melee: Unarmed           ||    74
 Stab: Sleeping          ||     1
  Eat: Chunk             ||     1
